 Dungeon Crawl Stone Soup version 0.31.0-11-ge490571c62 (webtiles) character file.

Game seed: 1268142184949239364

259 qw the Shooter (level 5, -1/26 HPs)
             Began as a Spriggan Hunter on Feb 5, 2024.
             Slain by a scorpion (7 damage)
             ... on level 4 of the Dungeon.
             The game lasted 00:00:45 (2377 turns).

qw the Shooter (Spriggan Hunter)                    Turns: 2377, Time: 00:00:46

Health: -1/26      AC:  2    Str:  7    XL:     5   Next: 94%
Magic:  6/6        EV: 26    Int: 10    God:
Gold:   178        SH:  0    Dex: 21    Spells: 4/4 levels left

rFire   + . .        a - +0 shortbow
rCold   . . .        (shield currently unavailable)
rNeg    . . .        c - +0 robe
rPois   .            (helmet restricted)
rElec   .            (no cloak)
rCorr   .            (gloves unavailable)
SInv    +            (boots unavailable)
Will    .....        j - amulet of the acrobat
Stlth   ++           b - ring of protection from fire
HPRegen 0.24/turn    d - +5 ring of evasion
MPRegen 0.10/turn

%: acrobat
@: about to teleport, very quick
A: very small, no large weapons, unfitting armour, see invisible, speed 3
a: no special abilities


You were on level 4 of the Dungeon.
You visited 1 branch of the dungeon, and saw 4 of its levels.

You collected 178 gold pieces.


Innate Abilities, Weirdness & Mutations

You are very small and have problems with some larger weapons.
You are too small for most types of armour.
You have supernaturally acute eyesight. (SInv)
You cover ground extremely quickly. (Speed+++)


   Skills:
 - Level 2.0 Fighting
 - Level 6.1 Ranged Weapons
 + Level 5.3 Dodging
 - Level 1.5 Stealth


You had 4 spell levels left.
You didn't know any spells.
Your spell library was empty.

Inventory:

Hand Weapons
 a - a +0 shortbow (weapon)
Armour
 c - a +0 robe (worn)
Jewellery
 b - a ring of protection from fire (left hand)
 d - a +5 ring of evasion (right hand)
 j - an amulet of the acrobat (around neck)
Wands
 h - a wand of paralysis (10)
 m - a wand of flame (24)
Scrolls
 k - a scroll of vulnerability {unknown}
Potions
 e - a potion of heal wounds {unknown}
 f - 2 potions of enlightenment
 g - a potion of curing
 i - a potion of might
 l - a potion of degeneration {unknown}

Dungeon Overview and Level Annotations

Branches:
Dungeon (4/15)
 Temple: D:4-7

Altars:


Message History

The scorpion poisons you!
You shoot an arrow.
The arrow hits the scorpion but does no damage.
The scorpion is moderately wounded.
You feel very sick. The scorpion closely misses you. The adder misses you.
The scorpion closely misses you.
You shoot an arrow. The arrow hits the scorpion.
The scorpion is heavily wounded.
You feel sick. The adder misses you. The scorpion completely misses you.
You shoot an arrow. The arrow hits the scorpion.
The scorpion is heavily wounded.
You feel sick. The adder misses you. The scorpion closely misses you.
The adder misses you.
You shoot an arrow. The arrow hits the scorpion.
The scorpion is heavily wounded.
You feel sick. The scorpion stings you. The adder closely misses you.
The scorpion barely misses you.
You shoot an arrow. The arrow barely misses the scorpion.
You feel sick. The adder barely misses you. The scorpion barely misses you.
The adder completely misses you.
You shoot an arrow. The arrow closely misses the scorpion.
You feel sick. The scorpion completely misses you.
The adder completely misses you.
You shoot an arrow.
The arrow hits the scorpion but does no damage.
The scorpion is heavily wounded.
You feel sick. The scorpion completely misses you. The adder barely misses you.
The scorpion closely misses you.
You shoot an arrow. The arrow hits the scorpion!
The scorpion is almost dead.
You feel sick.
You are no longer poisoned.
The adder barely misses you. The scorpion barely misses you.
The adder completely misses you.
2377 ||| READING scroll of teleportation.
As you read the scroll of teleportation, it crumbles to dust.
You feel strangely unstable. The scorpion stings you!
You die...

##...#.... ##.........
#.......... #..........
.......... ###########
.........
....#.....######.S......
...........#....@s..#
#.................#.#
#..............####
#...........####
#...........#
#...........#
#..........##
##.........# #....####.#


You could see a scorpion and an adder.

Vanquished Creatures
  A scorpion (D:3)
  A jelly (D:3)
  An orc wizard (D:2)
  5 gnolls
  2 adders
  3 dart slugs
  3 ribbon worms
  2 orcs (D:2)
  5 bats
  6 endoplasms
  4 giant cockroaches
  7 goblins
  9 hobgoblins
  2 kobolds (D:2)
  4 quokkas
  6 ball pythons
  3 frilled lizards
  A rat (D:3)
65 creatures vanquished.

Notes
Turn   | Place    | Note
-------+----------+-------------------------------------------
     0 | D:1      | qw the Spriggan Hunter began the quest for the Orb.
     0 | D:1      | Reached XP level 1. HP: 10/10 MP: 2/2
     0 | D:1      | 0 ||| qw: Version: 0.3-a-160-g6735b56
     0 | D:1      | 0 ||| qw: Game counter: 6150
     0 | D:1      | 0 ||| qw: Melee chars always use a shield: true
     0 | D:1      | 0 ||| qw: God list: Okawaru
     0 | D:1      | 0 ||| qw: Allow faded altars: false
     0 | D:1      | 0 ||| qw: Do Orc after clearing Dungeon:15 true
     0 | D:1      | 0 ||| qw: Do second Lair branch before Depths: true
     0 | D:1      | 0 ||| qw: Lair rune preference: random
     0 | D:1      | 0 ||| qw: Goals: Normal
     0 | D:1      | 0 ||| PLANNING D:1-11
    51 | D:1      | Reached skill level 3 in Dodging
    51 | D:1      | Reached XP level 2. HP: 10/14 MP: 3/3
   433 | D:1      | 433 ||| READING scroll labelled HAM CUNORA.
   434 | D:1      | 434 ||| READING scroll labelled RORYXT VAERR.
   435 | D:1      | 435 ||| READING scroll labelled MUQEHU GUCAKHE.
   436 | D:1      | 436 ||| DRINKING 2 glowing orange potions.
   437 | D:1      | 437 ||| DROPPING scroll of butterflies.
   498 | D:2      | Reached XP level 3. HP: 18/18 MP: 4/4
   498 | D:2      | 498 ||| RETREEEEATING.
   499 | D:2      | 499 ||| RETREEEEATING.
   502 | D:2      | 502 ||| RETREEEEATING.
   504 | D:2      | 504 ||| RETREEEEATING.
   516 | D:2      | Reached skill level 5 in Ranged Weapons
   538 | D:2      | Reached XP level 4. HP: 18/22 MP: 5/5
  1240 | D:2      | 1240 ||| UPGRADING to ring of protection from fire.
  1241 | D:2      | 1241 ||| UPGRADING to +5 ring of evasion.
  1242 | D:2      | 1242 ||| READING 2 scrolls labelled NEKIRYATON.
  1242 | D:2      | 1242 ||| IDENTIFYING fizzy cyan potion
  1243 | D:2      | 1243 ||| READING scroll of identify.
  1243 | D:2      | 1243 ||| IDENTIFYING glowing grey potion
  1244 | D:2      | 1244 ||| READING scroll labelled EXONEL MAURO.
  1284 | D:2      | 1284 ||| READING scroll labelled FUOWUOTHR ODIT.
  1359 | D:3      | 1359 ||| READING scroll labelled INKIEG MEAZIPE.
  1385 | D:3      | Reached XP level 5. HP: 26/26 MP: 6/6
  2048 | D:3      | 2048 ||| UPGRADING to amulet of the acrobat.
  2053 | D:3      | 2053 ||| DROPPING ring of magical power.
  2054 | D:3      | 2054 ||| READING 2 scrolls labelled IRREFF ALYT.
  2055 | D:3      | 2055 ||| READING scroll labelled DUIDEC CASALL.
  2056 | D:3      | 2056 ||| READING scroll labelled RIURESMOET.
  2157 | D:3      | 2157 ||| DROPPING scroll of revelation.
  2187 | D:4      | 2187 ||| STAIRDANCE
  2197 | D:3      | HP: 6/26 [poisoned by a scorpion]
  2198 | D:3      | 2198 ||| DRINKING 2 potions of curing.
  2198 | D:3      | 2198 ||| (to cure poison)
  2255 | D:4      | 2255 ||| STAIRDANCE
  2263 | D:3      | Reached skill level 6 in Ranged Weapons
  2376 | D:4      | HP: 6/26 [poisoned by a scorpion]
  2377 | D:4      | 2377 ||| READING scroll of teleportation.
  2377 | D:4      | Slain by a scorpion

Levels and vault maps discovered:
D:1:      minmay_arrival_arboretum_large, layout_rooms,
          kennysheep_pointless_box, corexii_item_surrounded_by_moat
D:2:      minmay_chambers_of_ones, layout_loops_cross, minmay_quantized
D:3:      layout_loops_ring, hangedman_glass_teeth
D:4:      corexii_shack_village, layout_rooms, lightli_temple_of_fire,
          mainiacjoe_overflow_tiny_flanked, minmay_distorted

Skill      XL: |  1  2  3  4  5 |
---------------+----------------+-----
Dodging        | 3 4 5 |  5.3
Ranged Weapons | 5 6 |  6.1
Fighting       | 2 |  2.0
Stealth        | |  1.5

Action                     |  1- 3 |  4- 6 || total
---------------------------+-------+-------++-------
   Fire: Shortbow          |    50 |   137 ||   187
    Use: Scroll            |     3 |     9 ||    12
         Potion            |     1 |     1 ||     2
 Armour: Robe              |     6 |     9 ||    15
  Dodge: Dodged            |     9 |    63 ||    72

Table legend:
 A = Non-vault XP
 B = Vault XP
 C = Vault XP percentage of total XP
 D = Non-vault monster count
 E = Vault monster count
 F = Vault count percentage of total count
                 A         B        C        D         E       F
            +---------+---------+-------+---------+---------+-------
      Total |     229 |     141 |  38.1 |      53 |      12 |  18.5
            +---------+---------+-------+---------+---------+-------
        D:1 |      33 |       0 |   0.0 |      10 |       0 |   0.0
        D:2 |     138 |      16 |  10.4 |      22 |       9 |  29.0
        D:3 |      42 |     123 |  74.5 |      15 |       2 |  11.8
        D:4 |      16 |       2 |  11.1 |       6 |       1 |  14.3
            +---------+---------+-------+---------+---------+-------
